Map: Ephemeron LE

Players

Dolan - Winner!

  • Race: Terran Terran
  • Spawn Location: 11:00

BackupO

  • Race: Zerg Zerg
  • Spawn Location: 5:00

VOD

Have the link to the VOD?

Description

Time

  • Played on: Sept. 6, 2019, 3:07 p.m.
  • Length: 10:30
Show
View Real Time Build Order
Export as new Build Order

Dolan Terran - Winner!

Build Orders: Gas First Reaper Expand 

Get SALT Encoding   

  12  0:01  SCV  
  13  0:13  SCV  
  14  0:17  Supply Depot  
  14  0:25  SCV  
  14  0:28  Refinery  
  15  0:39  SCV  
  16  0:44  Barracks  
  16  0:51  SCV  
  17  1:03  SCV  
  18  1:15  SCV  
  19  1:31  Orbital Command, Reaper  
  20  1:44  Command Center  
  20  1:56  SCV  
  20  1:59  Factory  
  21  2:05  Barracks Reactor  
  21  2:08  SCV  
  21  2:13  Supply Depot  
  22  2:18  Refinery  
  22  2:20  SCV  
  23  2:34  SCV  
  24  2:45  Starport  
  24  2:48  SCV  
  24  2:50  Marine  
  28  2:51  Hellion  
  28  2:57  Orbital Command  
  28  3:00  SCV  
  29  3:09  Barracks Tech Lab  
  29  3:12  SCV  
  30  3:16  Hellion x2  
  34  3:26  Fusion Core  
  34  3:27  SCV  
  34  3:28  SCV  
  36  3:37  Supply Depot  
  36  3:38  Hellion  
  38  3:41  SCV x2  
  40  3:53  SCV x2  
  42  3:58  Hellion  
  42  4:00  Supply Depot, Hellion  
  42  4:02  Supply Depot  
  46  4:05  SCV  
  46  4:06  SCV  
  48  4:18  Battlecruiser  
  48  4:20  SCV  
  55  4:24  SCV  
  55  4:26  Supply Depot  
  55  4:37  SCV x2  
  57  4:40  Command Center  
  57  4:43  Refinery x2  
  57  4:50  SCV x2, Supply Depot  
  59  4:56  Hellion x2  
  63  5:04  SCV x2  
  63  5:05  Supply Depot  
  65  5:12  Factory  
  65  5:13  Factory  
  65  5:17  SCV x2  
  67  5:29  SCV x2  
  69  5:41  Battlecruiser  
  69  5:42  Hellion x2  
  77  5:58  SCV x2, Orbital Command  
  77  5:59  Factory Tech Lab x2  
  69  6:14  SCV x2  
  69  6:15  Hellion x2  
  69  6:17  Weapon Refit  
  69  6:18  Armory x2  
  71  6:26  SCV x2  
  71  6:29  SCV  
  71  6:32  Supply Depot  
  74  6:33  Refinery  
  74  6:36  Refinery  
  74  6:44  Cyclone x2  
  81  6:47  SCV x3  
  81  6:51  Battlecruiser  
  89  7:00  SCV  
  89  7:01  SCV x2  
  92  7:02  Hellion  
  92  7:03  Hellion  
  96  7:08  Engineering Bay  
  96  7:09  Supply Depot  
  96  7:13  SCV x3  
  99  7:23  Factory  
  99  7:24  Factory  
  99  7:25  SCV x3, Terran Vehicle And Ship Armor Level 1, Terran Vehicle Weapons Level 1  
  99  7:27  Hellion x2  
  99  7:28  Hellion  
  108  7:31  Supply Depot, Hellion  
  108  7:36  Sensor Tower  
  110  7:39  Mag-Field Accelerator  
  110  7:43  SCV x3  
  113  7:49  Command Center  
  113  7:55  Infernal Pre-Igniter  
  113  7:57  SCV x3  
  116  8:04  Battlecruiser  
  122  8:07  Supply Depot  
  122  8:13  Factory Tech Lab, Factory Reactor  
  122  8:14  Hellion  
  124  8:29  Hellion  
  124  8:30  Siege Tank x2  
  124  8:31  SCV  
  124  8:34  Supply Depot  
  133  8:35  Supply Depot  
  133  8:37  SCV x2  
  135  8:43  SCV  
  136  8:49  SCV x2  
  136  8:55  SCV  
  139  8:58  Siege Tank  
  139  8:59  Hellion x4  
  139  9:01  SCV x2  
  139  9:02  Siege Tank x2  
  158  9:12  Battlecruiser  
  164  9:27  Command Center  
  164  9:28  Command Center  
  164  9:45  Planetary Fortress  
  163  9:53  Hellion x4  
  171  10:01  Refinery  
  171  10:03  Sensor Tower  
  171  10:05  Refinery  
  171  10:06  Missile Turret  
  171  10:07  Missile Turret x2  
  171  10:10  Missile Turret  
  171  10:13  Missile Turret  
  171  10:17  Missile Turret  
Show
View Real Time Build Order
Export as new Build Order

BackupO Zerg 

Build Orders: Hatch First 

Get SALT Encoding   

  12  0:01  Drone  
  13  0:12  Overlord  
  13  0:17  Drone  
  14  0:30  Drone  
  14  0:31  Drone  
  16  0:49  Hatchery  
  15  0:53  Drone  
  15  0:57  Drone  
  17  1:00  Drone  
  18  1:10  Extractor  
  17  1:15  Spawning Pool  
  16  1:19  Drone  
  16  1:23  Drone  
  18  1:28  Drone  
  19  1:38  Drone  
  20  1:49  Drone  
  21  2:01  Queen  
  21  2:02  Queen  
  21  2:03  Zergling x4  
  27  2:12  Overlord  
  27  2:15  Drone  
  28  2:32  Metabolic Boost  
  26  2:47  Drone x6  
  26  2:49  Pneumatized Carapace  
  26  2:50  Queen  
  34  2:59  Overlord  
  34  3:02  Drone  
  35  3:18  Hatchery  
  34  3:20  Overlord  
  34  3:22  Drone x3  
  34  3:23  Drone  
  38  3:28  Queen  
  40  3:39  Drone x4  
  44  3:54  Overlord  
  44  3:57  Zergling x6  
  44  3:58  Zergling x6  
  50  4:12  Queen x2  
  53  4:20  Overlord  
  53  4:22  Overlord  
  53  4:25  Spore Crawler  
  53  4:27  Spore Crawler  
  53  4:28  Drone  
  53  4:31  Queen  
  54  4:35  Drone x2  
  54  4:36  Drone  
  57  4:39  Drone  
  57  4:43  Drone x2  
  57  4:44  Spore Crawler, Evolution Chamber x2  
  57  4:56  Lair  
  57  4:58  Extractor, Drone  
  57  4:59  Drone x3  
  60  5:04  Extractor  
  60  5:05  Drone x3  
  62  5:09  Drone x3  
  62  5:10  Drone x2  
  67  5:25  Drone  
  67  5:28  Drone x3, Extractor  
  70  5:30  Drone  
  64  5:43  Zerg Ground Armor Level 1, Zerg Melee Weapons Level 1  
  60  5:50  Zergling x4  
  60  5:51  Zergling x14  
  61  6:10  Drone x3  
  61  6:11  Drone x4  
  59  6:13  Drone x5  
  63  6:24  Spire  
  62  6:37  Overlord x2  
  62  6:40  Drone x2  
  62  6:41  Drone  
  64  6:51  Baneling Nest  
  63  6:55  Overlord  
  63  6:56  Drone x3  
  63  6:57  Drone  
  67  7:20  Drone  
  67  7:21  Drone x3  
  72  7:22  Drone  
  72  7:23  Drone  
  72  7:24  Drone  
  72  7:25  Hatchery  
  72  7:27  Extractor  
  72  7:35  Drone x3  
  72  7:36  Drone  
  76  7:38  Extractor  
  76  7:39  Drone x3  
  76  7:41  Zerg Flyer Weapons Level 1  
  78  7:51  Corruptor  
  78  7:54  Overlord  
  78  7:55  Overlord x3  
  80  8:11  Overlord x2  
  80  8:19  Corruptor  
  80  8:20  Corruptor x4  
  90  8:30  Corruptor x2  
  93  8:40  Corruptor x2  
  89  8:58  Drone  
  86  9:05  Corruptor x3  
  89  9:13  Overlord x2  
  89  9:14  Overlord  
  89  9:17  Hatchery  
  88  9:30  Queen  
  90  9:32  Queen  
  90  9:36  Queen  
  94  9:39  Hatchery  
  94  9:45  Drone  
  94  9:48  Drone x7  
  101  10:02  Drone x5  
  101  10:03  Drone  
  107  10:10  Roach Warren  
Tags
 
Add a new tag
Caveats
  • Supply blocks, unpowered buildings, or Contaminate may cause inaccurate times.
  • Supply counts are checked every 10 seconds.